 Dungeon Crawl Stone Soup version 0.27.1-33-g824d729ab1 (webtiles) character file.

Game seed: 5951513426904229206

254 potato4science the Sneak (level 6, -2/42 HPs)
             Began as an Octopode Enchanter on Dec 19, 2021.
             Slain by an ogre (22 damage)
             ... on level 4 of the Dungeon.
             The game lasted 00:24:56 (4919 turns).

potato4science the Sneak (Octopode Enchanter)       Turns: 4919, Time: 00:24:57

Health: -2/42      AC:  1    Str:  8    XL:     6   Next: 15%
Magic:  16/18      EV: 13    Int: 19    God:
Gold:   96         SH:  0    Dex: 12    Spells: 7/9 levels left

rFire    . . .     SeeInvis .   a - +2 dagger
rCold    . . .     Faith    .   (no shield)
rNeg     . . .     Spirit   .   (helmet restricted)
rPois    .         Reflect  .   k - amulet of magic regeneration
rElec    .         Harm     .   e - ring of magical power
rCorr    .         Rampage  .   (no ring)
Will     .....                  (no ring)
Stlth    ++++......             (no ring)
HPRegen  0.14/turn              (no ring)
MPRegen  0.41/turn              (no ring)
                                (no ring)
                                (no ring)

@: no status effects
A: almost no armour, amphibious, 8 rings, camouflage 1, gelatinous body 1,
(nimble swimmer 1), tentacles
a: no special abilities


You were on level 4 of the Dungeon.
You visited 1 branch of the dungeon, and saw 4 of its levels.

You collected 96 gold pieces.

Inventory:

Hand Weapons
 a - a +2 dagger (weapon)
Jewellery
 e - a ring of magical power (left tentacle)
 k - an amulet of magic regeneration (around mantle)
Wands
 d - a wand of flame (14)
Scrolls
 c - a scroll of enchant armour
 g - a scroll of fog {unknown}
Potions
 b - a potion of cancellation
 f - 2 potions of curing
 i - a potion of resistance
 m - a potion of brilliance {unknown}


   Skills:
 - Level 3.0 Fighting
 + Level 2.2 Short Blades
 - Level 3.0 Dodging
 - Level 6.0 Stealth
 - Level 2.0 Spellcasting
 - Level 3.0 Hexes
 - Level 2.0 Ice Magic


You had 7 spell levels left.
You knew the following spells:

 Your Spells              Type           Power      Damage    Failure   Level
b - Ensorcelled Hibernat  Hex/Ice        22%        N/A       9%          2

Your spell library contained the following spells:

 Spells                   Type           Power      Damage    Failure   Level
 Corona                   Hex            14%        N/A       4%          1
 Confusing Touch          Hex            13%        N/A       14%         3
 Tukima's Dance           Hex            13%        N/A       14%         3
 Dazzling Flash           Conj/Hex       14%        N/A       26%         3


Dungeon Overview and Level Annotations

Branches:
Dungeon (4/15)
 Temple: D:4-7

Altars:
Ashenzari
Elyvilon
Hepliaklqana
Kikubaaqudgha
Vehumet

Annotations:
D:2 Sigmund


Innate Abilities, Weirdness & Mutations

You cannot wear most types of armour.
You are amphibious.
You can wear up to eight rings at the same time.
Your skin changes colour to match your surroundings (Stealth+).
Your rubbery body absorbs attacks. (AC +1, EV +1)
((You are camouflaged near water. (Stealth+)))
You have tentacles for arms and can constrict up to eight enemies at once.


Message History

There is a stone staircase leading down here.
There is a stone staircase leading down here.
You climb downwards.
There is a stone staircase leading up here.
Aiming: Ensorcelled Hibernation (safe; 9% risk of failure)
Press: ? - help, Q - select action, (/) - cycle Shift-Dir - straight line, f - ogre
Aim: an ogre, wielding a +0 giant club (wandering, hasn't noticed you, chance to affect: 42%)
The ogre shouts!
The ogre resists with some effort.
Aiming: Ensorcelled Hibernation (safe; 9% risk of failure)
Press: ? - help, Q - select action, (/) - cycle Shift-Dir - straight line, f/p - ogre
Aim: an ogre, wielding a +0 giant club (chance to affect: 42%)
The ogre resists with some effort.
Aiming: Ensorcelled Hibernation (safe; 9% risk of failure)
Press: ? - help, Q - select action, (/) - cycle Shift-Dir - straight line, f/p - ogre
Aim: an ogre, wielding a +0 giant club (chance to affect: 42%)
Okay, then.
You climb upwards.
There is a stone staircase leading down here.
Magic restored.
There is a stone staircase leading down here.
You climb downwards.
There is a stone staircase leading up here.
You climb upwards.
There is a stone staircase leading down here.
You climb downwards.
The ogre hits you with a +0 giant spiked club!!
Ouch! That really hurt!
There is a stone staircase leading up, spattered with blood here.
You can't go down here!
Aiming: Ensorcelled Hibernation (safe; 9% risk of failure)
Press: ? - help, Q - select action, (/) - cycle Shift-Dir - straight line, f - ogre
Aim: an ogre, wielding a +0 giant spiked club (chance to affect: 42%)
The ogre looks drowsy...
The helpless ogre fails to defend itself.
You impale the ogre!!
The ogre is almost dead.
The ogre hits you with a +0 giant spiked club!!
Ouch! That really hurt!
You die...

##........##
##..........#
............# .
............# ..
#..........##.........#
#...........#.........
#....)...#.# .......
##..........###......
#...........O@.......
#.................###
#.............##..#
...............#...###
.................#...#
...........#.....#O#.#
..##......###..#.#<#.#
..>
###.######..#..(#.## .#
#.. ##...#...#..#


You could see an ogre.

Vanquished Creatures
  A scorpion (D:4)
  A centaur zombie (D:4)
  An iguana (D:4)
  A hound skeleton (D:4)
  2 adders
  5 gnolls
  3 dart slugs
  3 bats
  5 endoplasms
  3 giant cockroaches
  5 goblins
  3 hobgoblins
  A jackal (D:1)
  4 quokkas
  3 ball pythons (D:3)
  A frilled lizard (D:1)
  8 kobolds
  10 rats
  A spectral goblin (D:3)
  A butterfly (D:3)
62 creatures vanquished.

Vanquished Creatures (others)
  5 plants
5 creatures vanquished.

Grand Total: 67 creatures vanquished

Notes
Turn   | Place    | Note
-------+----------+-------------------------------------------
     0 | D:1      | potato4science the Octopode Enchanter began the quest for
                  | the Orb.
     0 | D:1      | Reached XP level 1. HP: 11/11 MP: 3/3
   344 | D:1      | Reached skill level 1 in Fighting
   444 | D:1      | Reached XP level 2. HP: 18/18 MP: 5/5
   459 | D:1      | Learned a level 2 spell: Ensorcelled Hibernation
   656 | D:1      | Found a faded altar of an unknown god.
  1120 | D:1      | Reached XP level 3. HP: 16/24 MP: 1/6
  1659 | D:2      | Noticed Sigmund
  2284 | D:2      | Reached skill level 5 in Stealth
  2284 | D:2      | Reached XP level 4. HP: 21/29 MP: 7/7
  2403 | D:2      | Reached skill level 1 in Ice Magic
  3772 | D:3      | Found a hazy altar of Hepliaklqana.
  4010 | D:3      | Found a white marble altar of Elyvilon.
  4307 | D:4      | Noticed an ogre
  4323 | D:3      | Reached XP level 5. HP: 34/34 MP: 8/8
  4392 | D:4      | Reached skill level 6 in Stealth
  4492 | D:4      | Found a broken altar of Ashenzari.
  4588 | D:4      | Found an ancient bone altar of Kikubaaqudgha.
  4604 | D:4      | Reached XP level 6. HP: 31/42 MP: 9/9
  4696 | D:4      | Found a radiant altar of Vehumet.
  4919 | D:4      | Slain by an ogre

Illustrated notes

Levels and vault maps discovered:
D:1:      dpeg_arrival_orchard, layout_loops_ring,
          hellmonk_ecumenical_altar_crossroads, minmay_unequal
D:2:      layout_loops_ring, serial_bayou_pond_d, roderic_serpentine_path,
          uniq_sigmund
D:3:      layout_basic, nicolae_hepliaklqana_monster_ancestors,
          nicolae_elyvilon_peaceful_grove
D:4:      layout_rooms, nicolae_ashenzari_skybound, lemuel_crystal_altar,
          mainiacjoe_overflow_boulevard

Skill      XL: |  1  2  3  4  5 |
---------------+----------------+-----
Fighting       | 1 2 3 |  3.0
Short Blades   | 2 |  2.2
Stealth        | 5 6 |  6.0
Ice Magic      | 2 |  2.0
Dodging        | 3 |  3.0
Spellcasting   | |  2.0
Hexes          | |  3.0

Action                   |  1- 3 |  4- 6 || total
-------------------------+-------+-------++-------
Melee: Dagger            |    70 |    49 ||   119
       Constrict         |    19 |     5 ||    24
       Tentacles         |    11 |     8 ||    19
 Cast: Corona            |     5 |       ||     5
       Ensorcelled Hiber |    15 |    24 ||    39
  Use: Potion            |       |     1 ||     1
       Scroll            |       |     7 ||     7
 Stab: Sleeping          |    15 |    19 ||    34
       Distracted        |       |     1 ||     1
Armor: Skin              |     2 |     3 ||     5
Dodge: Dodged            |    28 |    24 ||    52
